 Dungeon Crawl Stone Soup version 0.22.1-1-ga44c0e5 (webtiles) character file.

2664 nicolaieve the Basher (level 9, -4/73 (74) HPs)
             Began as a Minotaur Berserker on Sept 25, 2018.
             Was an Elder of Trog.
             Slain by an ogre zombie
             ... wielding a +0 giant spiked club of venom
              (8 damage)
             ... on level 6 of the Dungeon.
             The game lasted 00:23:01 (5226 turns).

nicolaieve the Basher (Minotaur Berserker)          Turns: 5226, Time: 00:23:02

HP:   -4/73 (74)    AC: 15    Str: 21    XL:     9   Next: 36%
MP:   8/8           EV:  8    Int:  9    God:    Trog [****..]
Gold: 309           SH:  6    Dex: 14    Spells: 8/8 levels left

rFire    + . .     SeeInvis .   K - +1 whip (flame)
rCold    . . .     Gourm    +   z - +0 buckler
rNeg     . . .     Faith    .   F - +1 chain mail {rF+}
rPois    .         Spirit   .   (helmet restricted)
rElec    .         Reflect  .   v - +2 cloak {MR+}
rCorr    .         Harm     .   (no gloves)
MR       +++..                  a - +0 pair of boots
Stlth    ..........             k - amulet of the gourmand
HPRegen  1.22/turn              f - +5 ring of intelligence
MPRegen  0.11/turn              (no ring)

@: lethally poisoned (-4 -> -116), berserk cooldown, regenerating, slowed, very
slow
A: retaliatory headbutt, horns 2
a: Berserk, Trog's Hand, Brothers in Arms, Renounce Religion


You were on level 6 of the Dungeon.
You worshipped Trog.
Trog was greatly pleased with you.
You were very full.

You visited 1 branch of the dungeon, and saw 6 of its levels.
You also visited: Sewer.

You collected 309 gold pieces.

Inventory:

Hand Weapons
 y - a +0 hunting sling
 E - a +4 dire flail of protection
 K - a +1 whip of flaming (weapon)
Missiles
 l - 181 stones (quivered)
 m - 77 sling bullets
Armour
 a - a +0 pair of boots (worn)
 q - a +0 large shield
 v - a +2 cloak of magic resistance (worn)
 z - a +0 buckler (worn)
 F - a +1 chain mail of fire resistance (worn)
Jewellery
 f - a +5 ring of intelligence (left hand)
 i - an uncursed amulet of the acrobat {unknown}
 k - an amulet of the gourmand (around neck)
 I - an uncursed ring of protection from magic {unknown}
Wands
 w - a wand of scattershot (5)
Scrolls
 d - a scroll of fog {unknown}
 h - 2 scrolls of fear {unknown}
 n - 2 scrolls of remove curse
 o - a scroll of identify
 p - 2 scrolls of enchant weapon {unknown}
 r - 4 scrolls of magic mapping {unknown}
 t - a scroll of random uselessness {unknown}
 u - 2 scrolls of teleportation {unknown}
 G - 2 scrolls of immolation {unknown}
Potions
 b - 2 potions of heal wounds
 g - 2 potions of resistance
 j - 3 potions of lignification
 s - 3 potions of degeneration {unknown}
 x - a potion of invisibility
 A - 3 potions of haste {unknown}
 B - 2 potions of flight {unknown}
 C - 3 potions of curing {unknown}
 H - 2 potions of might {unknown}
 J - a potion of brilliance {unknown}
Comestibles
 c - 8 rations
 D - 5 chunks of flesh


   Skills:
 * Level 5.4 Fighting
 - Level 12.0 Maces & Flails
 * Level 4.4 Armour
 - Level 2.1 Dodging
 + Level 8.0 Shields


You had 8 spell levels left.
You didn't know any spells.
Your spell library was empty.

Dungeon Overview and Level Annotations

Branches:
Dungeon (6/15)             Temple (0/1) D:6

Altars:

Annotations:
D:6 1 transporter


Innate Abilities, Weirdness & Mutations

You reflexively headbutt those who attack you in melee.
You have a pair of horns on your head.


Message History

You feel very sick.
You hit the ogre zombie. You burn the ogre zombie.
The ogre zombie is severely damaged.
You are engulfed in poison gas.
You are more poisoned.
You feel extremely sick.
You whack the ogre zombie! You burn the ogre zombie.
The ogre zombie is almost destroyed.
You are engulfed in poison gas.
You are more poisoned.
You feel extremely sick.
The ogre zombie hits you with a giant spiked club of venom!
* * * LOW HITPOINT WARNING * * *
You are more poisoned.
You are engulfed in poison gas.
You are more poisoned.
* * * LOW HITPOINT WARNING * * *
x2 You feel extremely sick.
The ogre zombie hits you with a giant spiked club of venom!
You die...

#§..§§§§# #......#
#§§§§§§§# #......#
#§§#©#§§# ####......#
#§§...§§# #.........#
#§§#.#§§# #.........#
#§§...§§# #.........#
####§§§#####.........#
#§§§§§§§§§##.........#
#§§§Z@§§§§##..........
#§§§...§§§##.....####.
#§§§$%$§§§######## #.
#§§§)©[§§§# ##
########### ##########
##.©.## #.........
#...# #.######## ##.##
#.# #.# #.#


You could see an ogre zombie.

Vanquished Creatures
  Pikel (D:6)
  Prince Ribbit (D:5)
  Menkaure (D:5)
  Edmund (D:5)
  A phantom (D:4)
  An ogre (D:6)
  A sky beast (D:5)
  2 centaurs
  2 slaves (D:6)
  A necrophage (D:6)
  A big kobold (Sewer)
  3 bullfrogs
  A vampire bat (D:3)
  3 hounds
  Crazy Yiuf (D:2)
  A centaur skeleton (D:4)
  2 jellies
  2 orc wizards
  Jessica (D:2)
  Natasha (thrice) (D:2)
  A bullfrog skeleton (D:4)
  2 iguanas (D:4)
  6 worker ants
  A killer bee zombie (D:6)
  An ogre zombie (D:6)
  A hound skeleton (D:3)
  Robin (D:2)
  3 gnolls (D:3)
  7 adders
  A river rat (Sewer)
  2 adder skeletons
  7 worms
  A dart slug (D:3)
  3 fire bats (D:3)
  5 leopard geckos
  15 orcs
  2 spectral bats (D:3)
  A ball python (D:2)
  3 bat skeletons (D:3)
  A bat zombie (D:3)
  3 giant cockroaches
  15 goblins
  11 hobgoblins
  8 jackals
  10 kobolds
  6 quokkas
  A ball python zombie (D:5)
  17 bats
  A bat simulacrum (D:3)
  5 frilled lizards
  2 leopard gecko skeletons
  10 rats
183 creatures vanquished.

Notes
Turn   | Place    | Note
-------+----------+-------------------------------------------
     0 | D:1      | nicolaieve the Minotaur Berserker began the quest for the
                  | Orb.
     0 | D:1      | Reached XP level 1. HP: 19/19 MP: 0/0
    68 | D:1      | Reached skill level 4 in Maces & Flails
   148 | D:1      | Reached XP level 2. HP: 10/26 MP: 1/1
  1049 | D:2      | Reached skill level 5 in Maces & Flails
  1062 | D:2      | Reached XP level 3. HP: 21/31 MP: 2/2
  1119 | D:2      | Noticed Robin
  1138 | D:2      | Killed Robin
  1138 | D:2      | Reached ** piety under Trog
  1177 | D:2      | Noticed Jessica
  1184 | D:2      | Killed Jessica
  1184 | D:2      | Reached skill level 6 in Maces & Flails
  1184 | D:2      | Reached XP level 4. HP: 39/39 MP: 3/3
  1378 | D:2      | Found a runed door.
  1438 | D:2      | Noticed Natasha
  1460 | D:2      | Killed Natasha
  1537 | D:2      | Reached skill level 1 in Shields
  1722 | D:2      | Noticed Natasha
  1732 | D:2      | Killed Natasha
  1732 | D:2      | Reached XP level 5. HP: 34/45 MP: 4/4
  1739 | D:2      | Noticed Natasha
  1748 | D:2      | Killed Natasha
  1748 | D:2      | Reached skill level 7 in Maces & Flails
  1940 | D:2      | Noticed Crazy Yiuf
  1946 | D:2      | Killed Crazy Yiuf
  2124 | D:3      | Reached *** piety under Trog
  2164 | D:3      | Reached XP level 6. HP: 44/51 MP: 5/5
  2584 | D:3      | Reached skill level 8 in Maces & Flails
  2614 | D:3      | Reached **** piety under Trog
  2838 | D:4      | Reached XP level 7. HP: 21/57 MP: 6/6
  2920 | D:4      | Reached skill level 5 in Shields
  3144 | D:4      | Found a glowing drain.
  3148 | Sewer    | Entered a sewer
  3245 | Sewer    | Reached skill level 9 in Maces & Flails
  3293 | Sewer    | Found a white marble altar of Elyvilon.
  3670 | D:5      | Entered Level 5 of the Dungeon
  3697 | D:5      | Noticed Edmund
  3713 | D:5      | Killed Edmund
  3713 | D:5      | Reached skill level 10 in Maces & Flails
  3713 | D:5      | Reached XP level 8. HP: 63/64 MP: 7/7
  3856 | D:5      | Noticed Menkaure
  3870 | D:5      | Killed Menkaure
  3870 | D:5      | Reached skill level 11 in Maces & Flails
  3959 | D:5      | Noticed Prince Ribbit
  3970 | D:5      | Killed Prince Ribbit
  4086 | D:5      | Reached skill level 12 in Maces & Flails
  4534 | D:6      | Reached XP level 9. HP: 58/70 MP: 8/8
  4590 | D:6      | Noticed Pikel
  4614 | D:6      | Reached ***** piety under Trog
  4627 | D:6      | Killed Pikel
  4627 | D:6      | Reached skill level 5 in Fighting
  4720 | D:6      | Found a transporter.
  4897 | D:6      | Found a transporter.
  4966 | D:6      | Found a staircase to the Ecumenical Temple.
  5226 | D:6      | Slain by an ogre zombie

Skill      XL: |  1  2  3  4  5  6  7  8  9 |
---------------+----------------------------+-----
Maces & Flails | 4 5 6 7 8 10 12 | 12.0
Shields        | 1 2 4 5 6 8 |  8.0
Fighting       | 4 5 |  5.4
Armour         | 3 4 |  4.4
Dodging        | |  2.1

Action                   |  1- 3 |  4- 6 |  7- 9 || total
-------------------------+-------+-------+-------++-------
Melee: Mace              |    15 |     5 |       ||    20
       Whip              |    52 |   253 |   334 ||   639
       Headbutt          |     3 |    50 |    73 ||   126
Invok: Berserk           |     3 |     4 |     5 ||    12
       Trog's Hand       |       |       |     3 ||     3
  Use: Scroll            |       |     3 |       ||     3
 Stab: Sleeping          |       |     1 |       ||     1
       Distracted        |       |       |     1 ||     1
  Eat: Chunk             |    12 |    12 |    13 ||    37
Armor: Animal skin       |     2 |       |       ||     2
       Leather armour    |    12 |    60 |    26 ||    98
       Chain mail        |       |       |    64 ||    64
Dodge: Dodged            |    46 |   115 |    80 ||   241
Block: Large shield      |       |    59 |       ||    59
       Buckler           |       |    23 |    52 ||    75
